Map: New Gettysburg LE

Players

ByuN

  • Race: Terran Terran

Dark - Winner!

  • Race: Zerg Zerg

Event: 2016 WCS Global Finals

VOD

https://youtu.be/3NUdA0eTRCk?list=PL7UDWN70TnDQHhVY13QIEjrZqW9GPDAgd

Description

Time

  • Played on: Nov. 5, 2016, 6 p.m.
  • Length: 13:54

All games in this series

Show
View Real Time Build Order
Export as new Build Order

ByuN Terran 

Build Orders: Reaper Expand, MMM Bio, Banshee Rush 

Get SALT Encoding   

  12  0:00  SCV  
  13  0:12  SCV  
  14  0:17  Supply Depot  
  14  0:24  SCV  
  15  0:29  Refinery  
  15  0:38  SCV  
  16  0:45  Barracks  
  16  0:50  SCV  
  17  1:03  SCV  
  18  1:15  SCV  
  19  1:32  Reaper, Orbital Command  
  20  1:43  Command Center  
  20  1:54  Factory  
  20  1:58  SCV  
  21  2:04  Refinery  
  21  2:06  Barracks Reactor  
  21  2:10  SCV  
  22  2:16  Supply Depot  
  22  2:22  SCV  
  23  2:37  SCV  
  23  2:39  Starport  
  24  2:48  Hellion x2  
  24  2:49  SCV  
  29  2:51  Barracks Tech Lab  
  29  2:58  Orbital Command  
  29  3:01  SCV  
  30  3:10  Hellion  
  30  3:11  Hellion  
  34  3:24  Cloaking Field, SCV x2  
  36  3:28  Banshee  
  36  3:33  Supply Depot  
  39  3:39  Marine  
  39  3:40  Marine  
  42  3:43  SCV  
  42  3:44  SCV  
  42  3:45  Factory Tech Lab  
  43  3:56  Supply Depot  
  43  3:57  SCV x2, Marine x2  
  47  4:07  Siege Tank  
  50  4:13  Banshee  
  50  4:15  Marine  
  54  4:18  Supply Depot, SCV x2, Marine  
  57  4:36  SCV x2  
  57  4:37  Command Center  
  59  4:39  Marine  
  59  4:40  Marine  
  61  4:48  SCV  
  62  5:00  SCV x2  
  62  5:04  Barracks  
  62  5:07  Starport Reactor  
  64  5:09  Barracks  
  64  5:12  SCV x2  
  63  5:15  Engineering Bay, Marine  
  63  5:16  Engineering Bay, Stimpack  
  64  5:24  SCV x2  
  66  5:29  Refinery  
  66  5:30  Refinery  
  66  5:36  SCV x2  
  66  5:42  Terran Infantry Weapons Level 1, Terran Infantry Armor Level 1  
  68  5:43  Supply Depot  
  68  5:44  Marine  
  68  5:48  SCV x2  
  66  5:52  Marine x2  
  66  5:54  Starport Reactor  
  62  5:57  Supply Depot  
  62  6:02  Marine  
  63  6:05  Barracks  
  63  6:09  Orbital Command  
  63  6:12  Barracks  
  63  6:13  Marine x3  
  63  6:18  Siege Tank  
  69  6:19  SCV x2  
  71  6:29  Missile Turret  
  71  6:30  Marine x2  
  71  6:31  Marine x3  
  75  6:36  Medivac  
  75  6:37  Orbital Command, Medivac  
  75  6:39  SCV  
  80  6:40  SCV  
  81  6:49  Marine x4  
  81  6:50  Marine  
  81  6:51  Supply Depot  
  81  6:53  Supply Depot  
  81  6:54  Barracks Reactor  
  86  6:55  SCV x2  
  86  6:57  Factory Reactor  
  88  7:01  Barracks Reactor  
  88  7:05  Armory  
  88  7:07  SCV  
  88  7:08  SCV  
  90  7:11  Supply Depot  
  90  7:12  SCV  
  91  7:16  Combat Shields  
  91  7:19  SCV, Marine  
  91  7:20  SCV, Marine x3  
  91  7:21  Marine  
  98  7:23  Supply Depot  
  98  7:25  SCV  
  98  7:29  Medivac x2  
  103  7:31  SCV  
  103  7:32  SCV  
  106  7:37  SCV  
  106  7:41  Marine  
  106  7:42  Marine x7  
  106  7:43  Widow Mine x2, Marauder  
  120  7:52  Terran Infantry Armor Level 2, Terran Infantry Weapons Level 2  
  120  7:56  Supply Depot  
  112  7:59  SCV x3  
  112  8:05  Marine x4  
  116  8:06  Marine x4  
  116  8:10  Marauder  
  116  8:12  SCV x2  
  126  8:13  SCV  
  127  8:20  Medivac x2  
  127  8:24  SCV x2  
  127  8:25  SCV  
  134  8:29  Supply Depot  
  134  8:34  Widow Mine x2  
  135  8:36  Unknown x3  
  135  8:39  Marine  
  135  8:40  Marine x2  
  141  8:51  Marauder, Marine x5  
  141  8:54  Supply Depot  
  141  8:55  Supply Depot  
  147  8:59  Marine, Liberator x2  
  147  9:00  Marine  
  149  9:16  Marine x3  
  157  9:22  Widow Mine  
  156  9:25  Marine  
  156  9:26  Widow Mine  
  156  9:30  Supply Depot  
  157  9:32  Refinery  
  157  9:39  Supply Depot  
  157  9:40  Command Center  
  157  9:42  Marauder, Marine x3  
  161  10:03  Marine x2  
  161  10:04  Marauder, Marine x5  
  165  10:09  Barracks x2  
  164  10:19  Liberator x2  
  164  10:20  Widow Mine x2  
  168  10:21  Marine  
  168  10:22  Marine x3  
  168  10:23  Marine  
  168  10:24  Marine x3  
  168  10:25  Marauder  
  140  10:39  Marine  
  141  10:46  Marauder, Terran Infantry Weapons Level 3  
  141  10:47  Terran Infantry Armor Level 3  
  135  10:58  Marine x8  
  135  11:00  Command Center  
  135  11:01  Barracks Tech Lab x2  
  143  11:08  Marauder  
  143  11:11  Starport  
  143  11:16  Factory Reactor  
  143  11:17  Barracks  
  143  11:19  Marine x4, Medivac x2  
  143  11:20  Marine  
  152  11:26  Marine x3  
  152  11:27  Marine  
  156  11:33  Liberator x2  
  156  11:34  Liberator  
  156  11:38  Liberator  
  156  11:47  Marine  
  156  11:48  Marauder x2, Marine x4  
  173  12:11  Widow Mine x2  
  173  12:13  Marauder x3  
  173  12:14  Marine x2  
  183  12:16  Liberator x2  
  183  12:17  Liberator  
  183  12:25  Refinery  
  183  12:26  Unknown x2  
  183  12:31  Liberator  
  183  12:33  Marauder  
  183  12:35  Marauder  
  196  12:40  Supply Depot  
  195  12:48  Marauder  
  165  13:00  Marine  
  165  13:01  Marine x6  
  165  13:02  Marauder  
  165  13:03  Marauder  
  165  13:05  Marine  
  116  13:22  Marauder x2  
  116  13:24  Marine x10  
Show
View Real Time Build Order
Export as new Build Order

Dark Zerg - Winner!

Build Orders: Pool First 

Get SALT Encoding   

  12  0:00  Drone  
  13  0:12  Overlord  
  13  0:17  Drone  
  14  0:30  Drone x2  
  14  0:34  Drone  
  17  0:46  Extractor  
  17  0:49  Spawning Pool  
  15  0:50  Drone  
  15  0:56  Drone  
  17  1:07  Drone  
  18  1:19  Hatchery  
  18  1:23  Drone  
  18  1:29  Drone  
  19  1:36  Queen  
  21  1:41  Zergling x2  
  22  1:47  Metabolic Boost  
  22  1:55  Overlord  
  22  2:13  Queen  
  22  2:15  Drone x2  
  26  2:23  Drone  
  27  2:30  Queen  
  27  2:31  Zergling x2  
  27  2:33  Zergling x2  
  31  2:42  Zergling x2  
  31  2:44  Overlord  
  32  2:46  Drone x2  
  32  2:50  Pneumatized Carapace  
  34  2:53  Drone  
  34  2:57  Drone  
  36  3:03  Drone  
  37  3:06  Overlord  
  37  3:14  Drone  
  37  3:17  Drone  
  39  3:21  Queen  
  39  3:26  Drone x2  
  43  3:28  Drone  
  43  3:32  Drone  
  45  3:36  Hatchery  
  44  3:44  Zergling x6  
  46  3:49  Lair  
  46  3:53  Drone x2  
  48  3:57  Drone x2  
  48  4:01  Drone x2  
  52  4:13  Overlord  
  52  4:14  Spore Crawler  
  51  4:17  Overlord  
  51  4:18  Extractor, Queen  
  51  4:24  Spore Crawler, Overlord  
  51  4:26  Drone  
  52  4:31  Drone  
  52  4:32  Drone x4  
  57  4:39  Drone  
  57  4:40  Drone x2  
  60  4:47  Overseer  
  60  4:50  Queen  
  60  4:51  Evolution Chamber  
  60  4:52  Evolution Chamber  
  59  4:54  Drone x2  
  59  4:57  Drone x2  
  63  5:02  Drone x2  
  63  5:05  Drone x2  
  67  5:13  Zergling x8  
  67  5:14  Zergling x2  
  70  5:15  Zergling x2  
  70  5:19  Queen  
  73  5:24  Zerg Melee Weapons Level 1  
  73  5:27  Zerg Ground Armor Level 1  
  73  5:39  Overlord  
  73  5:40  Drone  
  73  5:41  Drone  
  73  5:43  Drone  
  73  5:49  Drone  
  74  5:50  Overlord  
  74  5:57  Baneling Nest  
  73  5:58  Drone  
  73  5:59  Drone x7  
  73  6:00  Drone  
  73  6:03  Overlord  
  82  6:07  Extractor  
  82  6:09  Drone x4  
  82  6:10  Extractor  
  84  6:16  Drone x2  
  84  6:18  Hatchery  
  84  6:30  Drone  
  84  6:31  Drone  
  86  6:33  Hatchery, Infestation Pit  
  86  6:38  Zergling x14  
  91  6:40  Drone x2  
  91  6:43  Overlord  
  91  6:44  Overlord  
  93  6:49  Zergling x6  
  96  6:54  Zergling x4  
  98  7:02  Centrifical Hooks  
  98  7:04  Drone x4  
  98  7:05  Drone x2  
  103  7:11  Baneling x4  
  103  7:13  Hive  
  103  7:14  Drone  
  103  7:15  Drone x3  
  107  7:19  Zerg Melee Weapons Level 2  
  107  7:21  Zergling x4  
  109  7:28  Zerg Ground Armor Level 2  
  109  7:30  Drone x2, Queen  
  109  7:31  Zergling x2  
  109  7:32  Zergling x2  
  115  7:42  Zergling x8  
  115  7:43  Baneling x2  
  119  7:44  Baneling x5  
  119  7:45  Baneling  
  119  7:46  Zergling x2  
  119  7:47  Zergling x10  
  119  7:49  Overlord  
  124  8:01  Zergling x4  
  124  8:04  Overlord x2  
  125  8:08  Zergling x4  
  125  8:09  Zergling x12  
  125  8:10  Baneling x8  
  133  8:13  Baneling x2  
  133  8:14  Baneling  
  133  8:15  Overlord  
  133  8:22  Drone x4  
  133  8:23  Drone x3  
  133  8:24  Drone, Extractor  
  133  8:26  Extractor  
  138  8:29  Adrenal Glands  
  138  8:32  Hatchery  
  138  8:33  Zergling x10  
  138  8:34  Zergling x2, Overlord  
  143  8:39  Zergling x6  
  143  8:40  Zergling x2  
  147  8:50  Zergling x4  
  147  8:51  Ultralisk Cavern  
  147  8:52  Overlord x3  
  148  8:58  Baneling x4  
  148  9:00  Overlord x2  
  148  9:10  Overlord  
  148  9:11  Zergling x2, Overlord  
  148  9:12  Zergling x16  
  148  9:13  Zergling x4  
  148  9:15  Zergling x2  
  145  9:29  Drone  
  155  9:38  Ultralisk x2  
  155  9:41  Zergling x16  
  163  9:47  Zergling x2  
  163  9:48  Zergling x2  
  165  9:53  Zergling x4  
  165  9:55  Ultralisk  
  165  9:56  Chitinous Plating  
  173  10:04  Queen x4  
  173  10:07  Zergling x6  
  183  10:13  Zergling x4, Ultralisk  
  188  10:17  Zergling x8  
  188  10:19  Zergling x2  
  187  10:31  Zergling x2  
  187  10:32  Zergling x8  
  160  10:37  Zergling x2  
  160  10:42  Spire  
  160  10:46  Zergling x2  
  155  10:52  Zergling x6  
  157  11:00  Hatchery  
  155  11:05  Drone x3  
  155  11:06  Drone  
  155  11:07  Drone x3, Extractor  
  155  11:09  Extractor  
  155  11:11  Spore Crawler  
  159  11:12  Zergling x26  
  159  11:13  Zergling x2  
  173  11:20  Viper  
  173  11:21  Viper x2  
  182  11:26  Spine Crawler  
  182  11:30  Zergling x10  
  182  11:31  Zergling x10  
  191  11:37  Baneling x8  
  191  11:38  Baneling x3  
  187  11:49  Overlord x2  
  187  11:50  Zergling x8  
  191  11:58  Baneling x5, Corruptor x3  
  191  12:00  Corruptor  
  198  12:08  Corruptor x2  
  184  12:17  Zergling x12  
  184  12:18  Zergling x14  
  184  12:19  Baneling  
  184  12:20  Baneling x17  
  195  12:25  Zergling x2  
  195  12:26  Zergling x4  
  195  12:27  Zergling x2  
  179  12:55  Zergling x8  
  179  12:56  Zergling x10  
  179  12:57  Zergling x6  
  179  13:00  Ultralisk x2  
  179  13:04  Zergling x10  
  179  13:05  Zergling x12  
  189  13:08  Zergling x4  
  187  13:12  Zergling x2  
  187  13:13  Zergling x4  
  187  13:15  Zergling x2  
  187  13:16  Zergling x2  
  187  13:18  Zergling x2  
  191  13:20  Zergling x2  
  191  13:23  Zergling x4  
  194  13:29  Zergling x6  
  194  13:32  Zergling x6  
  198  13:34  Baneling x5  
  198  13:35  Baneling x4  
  198  13:36  Baneling  
Tags
 
Add a new tag
Caveats
  • Supply blocks, unpowered buildings, or Contaminate may cause inaccurate times.
  • Supply counts are checked every 10 seconds.